 Dungeon Crawl Stone Soup version 0.30-a0-304-gdc4b735fe1 (webtiles) character file.

Game seed: 10556966303905827390

3975 gruber the Fighter (level 10, 0/95 HPs)
             Began as a Yellow Draconian Conjurer on Oct 20, 2022.
             Slain by a boulder beetle (10 damage)
             ... on level 7 of the Dungeon.
             The game lasted 00:11:28 (8895 turns).

gruber the Fighter (Yellow Draconian Conjurer)      Turns: 8895, Time: 00:11:29

Health: 0/95       AC: 10    Str: 10    XL:     10   Next: 2%
Magic:  2/16       EV: 27    Int: 23    God:
Gold:   311        SH:  0    Dex:  9    Spells: 10/17 levels left

rFire   . . .      SeeInvis .    u - +2 whip (drain)
rCold   . . .      Faith    .    (no shield)
rNeg    . . .      Spirit   .    (body armour unavailable)
rPois   .          Reflect  .    (helmet restricted)
rElec   .          Harm     .    r - +1 cloak
rCorr   +          Rampage  .    (no gloves)
Will    .....                    v - +0 pair of boots
Stlth   ++........               y - amulet of the acrobat
HPRegen 0.35/turn                t - ring of wizardry
MPRegen 0.15/turn                (no ring)

@: short of breath, acrobatic
A: spit acid, AC +7, unfitting armour, cold-blooded, acid resistance
a: Breathe Acid


You were on level 7 of the Dungeon.
You visited 2 branches of the dungeon, and saw 9 of its levels.
You also visited: Sewer.

You collected 311 gold pieces.

Inventory:

Hand Weapons
 u - a +2 whip of draining (weapon)
Armour
 r - a +1 cloak (worn)
 v - a +0 pair of boots (worn)
 x - the +1 buckler of Tenacity {+Inv rPois rN+++ Will-}
   (You found it on level 5 of the Dungeon)

   rPois:     It protects you from poison.
   rN:        It renders you almost immune to negative energy.
   +Inv:      It lets you turn invisible.
   Will:      It decreases your willpower.
Jewellery
 t - a ring of wizardry (left hand)
 y - an amulet of the acrobat (around neck)
Wands
 q - a wand of roots (7)
Scrolls
 d - 8 scrolls of teleportation {unknown}
 f - a scroll of amnesia {unknown}
 g - 10 scrolls of identify {unknown}
 h - a scroll of vulnerability {unknown}
 i - 3 scrolls of immolation {unknown}
 k - 4 scrolls of poison {unknown}
 m - 3 scrolls of enchant weapon {unknown}
 n - a scroll of torment {unknown}
 s - a scroll of noise {unknown}
 z - a scroll of butterflies {unknown}
 B - a scroll of enchant armour {unknown}
 C - 2 scrolls of blinking {unknown}
 E - a scroll of brand weapon {unknown}
Potions
 b - 2 potions of haste
 c - 4 potions of mutation {unknown}
 e - 2 potions of degeneration {unknown}
 j - 3 potions of might {unknown}
 l - 4 potions of cancellation {unknown}
 o - 5 potions of curing {unknown}
 p - 3 potions of brilliance {unknown}
 w - a potion of resistance {unknown}
 A - a potion of berserk rage {unknown}
 D - a potion of flight {unknown}


   Skills:
 - Level 11.1 Fighting
 - Level 1.7 Dodging
 - Level 1.7 Stealth
 - Level 4.0 Spellcasting
 * Level 10.3 Conjurations


You had 10 spell levels left.
You knew the following spells:

 Your Spells              Type           Power      Damage    Failure   Level
a - Magic Dart            Conj           100%       1d8       1%          1
b - Searing Ray           Conj           100%       2d8       1%          2
c - Iskenderun's Mystic   Conj/Tloc      28%        2d7       4%          4

Your spell library contained the following spells:

 Spells                   Type           Power      Damage    Failure   Level
 Dazzling Flash           Conj/Hex       56%        N/A       1%          3
 Summon Small Mammal      Summ           16%        N/A       4%          1
 Fulminant Prism          Conj/Hex       14%        3d9       4%          4
 Call Canine Familiar     Summ           4%         N/A       12%         3
 Gell's Gravitas          Tloc           4%         N/A       12%         3
 Lesser Beckoning         Tloc           8%         N/A       12%         3
 Summon Guardian Golem    Hex/Summ       4%         N/A       12%         3
 Teleport Other           Tloc           4%         N/A       12%         3


Dungeon Overview and Level Annotations

Branches:
Dungeon (8/15)             Temple (1/1) D:4           Sewer (visited)
   Lair: D:8-11

Altars:
Ashenzari
Cheibriados
Elyvilon
Fedhas
Gozag
Hepliaklqana
Kikubaaqudgha
Makhleb
Nemelex Xobeh
Okawaru
Ru
Sif Muna
Trog
Uskayaw
Wu Jian
Xom
Yredelemnul
Zin
The Shining One

Shops:
D:2 :


Innate Abilities, Weirdness & Mutations

You can spit globs of acid.
Your golden yellow scales are hard. (AC +7)
You cannot fit into any form of body armour.
You are cold-blooded and may be slowed by cold attacks.
You are resistant to acid. (rCorr)


Message History

You tail-slap the boulder beetle, but do no damage.
The boulder beetle is heavily wounded.
The boulder beetle bites you!
You hit the boulder beetle.
The boulder beetle is severely wounded.
The boulder beetle bites you. The boulder beetle bites you!
Casting: Searing Ray (safe; 1% risk of failure)
Confirm with . or Enter, or press ? or * to list all spells.
Aiming: Searing Ray (safe; 1% risk of failure)
Press: ? - help, Shift-Dir - straight line, f/p - boulder beetle
Aim: a boulder beetle (severely wounded, lightly drained, 100% to hit)
The searing ray hits the boulder beetle but does no damage.
The boulder beetle is severely wounded. (Press . to maintain the ray.)
The boulder beetle bites you!
* * * LOW HITPOINT WARNING * * *
Unknown command.
The searing ray hits the boulder beetle but does no damage.
The boulder beetle is severely wounded.
The boulder beetle bites you!!
* * * LOW HITPOINT WARNING * * *
The searing ray hits the boulder beetle!
The boulder beetle is severely wounded.
The boulder beetle completely misses you.
The searing ray hits the boulder beetle.
The boulder beetle is almost dead.
You finish channelling your searing ray.
The boulder beetle bites you.
* * * LOW HITPOINT WARNING * * *
You feel much better. The boulder beetle bites you!!
* * * LOW HITPOINT WARNING * * *
The boulder beetle attacks as you move away!
The boulder beetle closely misses you.
The boulder beetle curls into a ball and begins rolling!
You see here 4 stones.
The boulder beetle barely misses you.
The boulder beetle stops rolling and uncurls.
The boulder beetle attacks as you move away!
The boulder beetle bites you!
You die...

#.############
#............#
############.#
#.# #.# #.# #.#
#.# #@#
#B###########.#
#..(..........#
#.###########.#
###


You could see a boulder beetle (drained).

Vanquished Creatures
  An ugly thing (D:7)
  Maggie (D:8)
  Sigmund (D:4)
  2 wyverns
  A vampire mosquito (D:7)
  A steam dragon (D:6)
  Menkaure (D:4)
  A water moccasin (D:7)
  A black bear (D:4)
  An orc warrior (D:6)
  An ice beast (D:7)
  An ogre (D:5)
  A centaur (D:6)
  2 phantoms (D:5)
  2 bullfrogs (D:8)
  3 kobold brigands
  2 necrophages
  4 scorpions
  7 killer bees
  3 howler monkeys
  5 hounds (D:5)
  4 jellies
  Crazy Yiuf (D:3)
  2 iguanas
  An orc wizard (D:4)
  Robin (D:4)
  5 gnolls
  9 adders
  A white imp (D:6)
  An ufetubus (D:5)
  3 worms
  4 dart slugs
  20 orcs
  14 ball pythons
  3 bats
  10 endoplasms
  5 giant cockroaches
  9 goblins
  8 hobgoblins
  A jackal (D:4)
  6 quokkas
  7 frilled lizards
  17 kobolds
  7 rats
181 creatures vanquished.

Vanquished Creatures (others)
  2 fungi (D:3)
2 creatures vanquished.

Grand Total: 183 creatures vanquished

Notes
Turn   | Place    | Note
-------+----------+-------------------------------------------
     0 | D:1      | gruber the Draconian Conjurer began the quest for the Orb.
     0 | D:1      | Reached XP level 1. HP: 14/14 MP: 3/3
   357 | D:1      | Reached XP level 2. HP: 20/20 MP: 1/5
   946 | D:1      | Learned a level 2 spell: Searing Ray
  1174 | D:2      | Reached XP level 3. HP: 26/26 MP: 2/6
  1419 | D:2      | Found Poeck's Book Emporium.
  1710 | D:2      | Reached skill level 5 in Conjurations
  2114 | D:3      | Found a broken altar of Ashenzari.
  2120 | D:3      | Reached XP level 4. HP: 33/33 MP: 1/8
  2452 | D:3      | Found a glowing drain.
  2462 | Sewer    | Entered a sewer
  2711 | Sewer    | Learned a level 4 spell: Iskenderun's Mystic Blast
  2728 | Sewer    | Noticed a kobold brigand
  2752 | Sewer    | Killed a kobold brigand
  2753 | Sewer    | Reached XP level 5. HP: 15/38 MP: 6/10
  3559 | D:3      | Found a runed translucent door.
  3560 | D:3      | Noticed Crazy Yiuf
  3566 | D:3      | Killed Crazy Yiuf
  3567 | D:3      | Reached XP level 6. HP: 45/45 MP: 6/12
  3655 | D:4      | Noticed Sigmund
  3675 | D:4      | Noticed Robin
  3682 | D:4      | Killed Robin
  4430 | D:4      | Noticed Menkaure
  4436 | D:4      | Killed Menkaure
  4437 | D:4      | Your scales start taking on a golden yellow colour.
  4437 | D:4      | Reached XP level 7. HP: 50/50 MP: 7/13
  4437 | D:4      | Gained mutation: You are resistant to acid. (rCorr) [Yellow
                  | Draconian growth]
  4590 | D:4      | Found a staircase to the Ecumenical Temple.
  4639 | Temple   | Entered the Ecumenical Temple
  4876 | D:4      | Killed Sigmund
  4937 | D:4      | Found a basalt altar of Yredelemnul.
  5381 | D:5      | Entered Level 5 of the Dungeon
  5574 | D:5      | Reached XP level 8. HP: 57/57 MP: 9/14
  5785 | D:5      | Reached skill level 10 in Conjurations
  5982 | D:5      | Identified the +1 buckler of Tenacity {+Inv rPois rN+++
                  | Will-}
  6204 | D:5      | You fall into a shaft and drop 3 floors!
  6213 | D:8      | Reached skill level 1 in Fighting
  6226 | D:8      | Reached skill level 2 in Fighting
  6479 | D:8      | Reached skill level 3 in Fighting
  6534 | D:8      | Found a blossoming altar of Fedhas.
  6558 | D:7      | Noticed a cyan ugly thing
  6574 | D:7      | Reached skill level 4 in Fighting
  6577 | D:7      | Reached skill level 5 in Fighting
  6577 | D:7      | Killed a cyan ugly thing
  6578 | D:7      | Reached skill level 7 in Fighting
  6578 | D:7      | Reached XP level 9. HP: 34/79 MP: 2/15
  6604 | D:8      | Noticed Maggie
  6619 | D:8      | Killed Maggie
  6620 | D:8      | Reached skill level 8 in Fighting
  6782 | D:7      | Reached skill level 9 in Fighting
  7203 | D:6      | Reached skill level 10 in Fighting
  7550 | D:5      | Found an ornate altar of the Wu Jian Council.
  7975 | D:6      | Found an opulent altar of Gozag.
  7990 | D:6      | Found an opulent altar of Gozag.
  7990 | D:6      | Found an opulent altar of Gozag.
  8012 | D:6      | Found an opulent altar of Gozag.
  8047 | D:6      | Identified the +5 spear "Ibra" {drain, *Rage Str-4 Int+2
                  | Dex+8}
  8313 | D:7      | Reached skill level 11 in Fighting
  8493 | D:7      | Reached XP level 10. HP: 93/95 MP: 5/16
  8862 | D:7      | Noticed a boulder beetle
  8886 | D:7      | HP: 1/95 [boulder beetle (6)]
  8895 | D:7      | Slain by a boulder beetle

Illustrated notes

Levels and vault maps discovered:
D:1:      shiori_arrival_whats_in_store_for_you, layout_loops_ring,
          nrook_loot_triangle, minmay_domino_2
D:2:      layout_basic, serial_shops, nicolae_shop_advertising_works
          [nicolae_subvault_shop_adworks], item_on_display_a
D:3:      layout_loops_ring, nicolae_ashenzari_skybound, gup_sewer_entry_pipe,
          grunt_decor_junction, uniq_crazy_yiuf_cottage
D:4:      layout_loops_corners, mainiacjoe_overflow_cross_hatched,
          minmay_temple_entry_antechambers, st_stairs_9, minmay_pentomino_pile,
          uniq_menkaure, uniq_robin, uniq_sigmund
D:5:      lemuel_ice_spiral_2, layout_rooms, marbit_many_paths
D:6:      layout_loops_cross, nicolae_gozag_conspicuous_consumption
D:7:      layout_basic, minmay_chambers_of_fives
D:8:      layout_basic, old_standard_altar, serial_shops, nicolae_shop_crystal,
          nicolae_diode_quadrants, uniq_maggie
Temple:   eino_temple_water

Skill      XL: |  1  2  3  4  5  6  7  8  9 |
---------------+----------------------------+-----
Conjurations   | 5 6 7 9 10 | 10.3
Spellcasting   | 3 4 |  4.0
Fighting       | 7 11 | 11.1
Dodging        | |  1.7
Stealth        | |  1.7

Action                   |  1- 3 |  4- 6 |  7- 9 | 10-12 || total
-------------------------+-------+-------+-------+-------++-------
Melee: Unarmed           |    22 |    25 |       |       ||    47
       Tailslap          |     5 |     1 |    17 |     1 ||    24
       Long sword        |       |     4 |       |       ||     4
       Whip              |       |       |   137 |     5 ||   142
       Punch             |       |       |     2 |       ||     2
 Cast: Magic Dart        |    82 |    43 |    24 |     4 ||   153
       Searing Ray       |     2 |    20 |    29 |     4 ||    55
       Iskenderun's Myst |       |       |    14 |       ||    14
 Abil: Breathe Acid      |       |       |    11 |     1 ||    12
Evoke: Wand              |       |       |     2 |     2 ||     4
  Use: Potion            |       |     1 |     3 |     1 ||     5
 Stab: Sleeping          |       |       |     1 |       ||     1
Armor: Skin              |     8 |    15 |    66 |     2 ||    91
Dodge: Dodged            |    23 |    44 |   138 |     8 ||   213

Table legend: (Time is in decaauts)
 A = Elapsed time spent in this place.
 B = Non-inter-level travel time spent in this place.
 C = Inter-level travel time spent in this place.
 D = Time resting spent in this place.
 E = Time spent auto-exploring this place.
 F = Levels seen in this place.
 G = Mean time per level.
                   A        B        C        D        E       F      G
               +--------+--------+--------+--------+--------+-----+--------+
         Total |   8958 |   8576 |    382 |     72 |   7274 |  10 |  895.8 |
       Dungeon |   8058 |   7688 |    370 |     72 |   6539 |   8 | 1007.2 |
        Temple |    200 |    188 |     12 |      0 |    177 |   1 |  200.0 |
         Sewer |    699 |    699 |      0 |      0 |    558 |   1 |  699.0 |
               +--------+--------+--------+--------+--------+-----+--------+

Top non-repeatable levels by time:
     D:4: 1439 daAuts
     D:3: 1238 daAuts
     D:5: 1063 daAuts
     D:7: 1050 daAuts
     D:1: 987 daAuts
     D:6: 879 daAuts
     D:2: 878 daAuts
   Sewer: 699 daAuts
     D:8: 521 daAuts
  Temple: 200 daAuts
